 Dungeon Crawl Stone Soup version 0.21-a0-460-g737a915 (webtiles) character file.

451 Zeege the Stinger (level 6, -11/41 HPs)
             Began as a Demonspawn Venom Mage on Nov 20, 2017.
             Mangled by an orc warrior
             ... wielding a +0 dire flail
              (22 damage)
             ... on level 6 of the Dungeon.
             The game lasted 00:20:27 (5041 turns).

Zeege the Stinger (Demonspawn Venom Mage)           Turns: 5041, Time: 00:20:28

Health: -11/41     AC:  6    Str:  8    XL:     6   Next: 75%
Magic:  2/20       EV: 12    Int: 18    God:
Gold:   90         SH:  0    Dex: 14    Spells: 8/12 levels left

rFire    . . .     SeeInvis .   y - +0 dagger (speed)
rCold    + . .     Gourm    .   (no shield)
rNeg     . . .     Faith    .   a - +1 robe
rPois    .         Spirit   .   (no helmet)
rElec    .         Reflect  .   (no cloak)
rCorr    .         Harm     .   f - +2 pair of gloves
MR       +....                  (no boots)
Stlth    ++........             (no amulet)
HPRegen  0.13/turn              p - ring of protection from magic
MPRegen  0.17/turn              c - ring of magical power

@: no status effects
A: talons 2, cold resistance 1, freezing cloud immunity
a: no special abilities


You were on level 6 of the Dungeon.
You were not hungry.

You visited 1 branch of the dungeon, and saw 6 of its levels.

You collected 90 gold pieces.

Inventory:

Hand Weapons
 h - a +0 club
 n - a +0 hand axe
 v - a +0 dagger
 y - a +0 dagger of speed (weapon)
Armour
 a - a +1 robe (worn)
 f - a +2 pair of gloves (worn)
Magical Staves
 s - an uncursed staff of summoning
Jewellery
 c - a ring of magical power (right hand)
 e - a cursed amulet of inaccuracy {unknown}
 p - a ring of protection from magic (left hand)
Scrolls
 d - a scroll of fear
 i - a scroll of enchant armour
 o - a scroll of teleportation
 r - a scroll of remove curse
 t - 2 scrolls of magic mapping {unknown}
Potions
 j - a potion of might
 k - a potion of agility {unknown}
 l - 2 potions of magic
 z - 2 potions of cancellation {unknown}
Books
 b - a Young Poisoner's Handbook

   Spells                             Type                      Level
   a - Sting                          Conjuration/Poison           1
   b - Poisonous Vapours              Poison/Air                   2
   c - Mephitic Cloud                 Conjuration/Poison/Air       3
   d - Olgreb's Toxic Radiance        Poison                       4
   e - Venom Bolt                     Conjuration/Poison           5
 q - a book of Minor Magic

   Spells                             Type                      Level
   a - Magic Dart                     Conjuration                  1
   b - Blink                          Translocation                2
   c - Call Imp                       Summoning                    2
   d - Slow                           Hexes                        2
   e - Conjure Flame                  Conjuration/Fire             3
   f - Mephitic Cloud                 Conjuration/Poison/Air       3
Comestibles
 m - a royal jelly
 u - 2 bread rations
 w - a meat ration
 x - 2 fruits


   Skills:
 - Level 0.2 Fighting
 - Level 0.1 Axes
 - Level 0.2 Staves
 - Level 1.7 Dodging
 - Level 1.7 Stealth
 + Level 3.7 Spellcasting
 + Level 3.0 Conjurations
 * Level 6.0 Poison Magic


You had 8 spell levels left.
You knew the following spells:

 Your Spells              Type           Power        Failure   Level  Hunger
a - Sting                 Conj/Pois      ###.         2%          1    None
b - Mephitic Cloud        Conj/Pois/Air  ##......     13%         3    ###....


Dungeon Overview and Level Annotations

Branches:
Dungeon (6/15)
 Temple: D:4-7

Altars:
Dithmenos

Annotations:
D:4 Daviar's ghost, amateur FoFi
D:6 Eustachio


Innate Abilities, Weirdness & Mutations

You have razor-sharp toenails.
Your flesh is cold resistant. (rC+)
You are immune to freezing clouds.


Message History

You strike the helpless ogre from behind!
You hit the ogre.
The ogre is severely wounded.
You closely miss the orc warrior. You claw the orc warrior.
The orc warrior is severely wounded.
You hit the orc warrior but do no damage.
The orc warrior is severely wounded.
The orc warrior hits you with a dire flail.
* * * LOW HITPOINT WARNING * * *
You hit the ogre. You claw the ogre.
The ogre is almost dead.
The orc warrior barely misses you.
The ogre chortles and stares into space.
You hit the ogre but do no damage.
The ogre is almost dead.
You closely miss the orc warrior.
The orc warrior is severely wounded.
The orc warrior hits you with a dire flail!!
Ouch! That really hurt!
You die...

# #.# ###
#.##.##.####.##
#.......o...)o##
.###.#####.####)#.##
...........# #.†..#
#######.####
####o### #...O.#
#...o..# #...o.#
#.##>#># #...@.# #
#.#.# #.....# #.# #
#.....# #.# #######
..o #.# #o#


You could see an orc warrior and an ogre (confused).

Vanquished Creatures
  A scorpion (D:5)
  3 orc priests
  3 orc wizards (D:6)
  A hound (D:2)
  3 worker ants
  4 adders
  An ooze (D:3)
  An adder skeleton (D:4)
  4 dart slugs
  3 leopard geckos
  9 orcs
  8 bats
  4 giant cockroaches
  4 goblins
  12 hobgoblins
  10 jackals
  5 kobolds
  2 ball pythons
  4 frilled lizards
  4 rats
86 creatures vanquished.

Notes
Turn   | Place    | Note
-------+----------+-------------------------------------------
     0 | D:1      | Zeege the Demonspawn Venom Mage began the quest for the Orb.
     0 | D:1      | Reached XP level 1. HP: 13/13 MP: 3/3
   306 | D:1      | Gained mutation: Your flesh is cold resistant. (rC+) [demonic ancestry]
   306 | D:1      | Reached XP level 2. HP: 19/19 MP: 3/5
  1092 | D:2      | Gained mutation: You are immune to freezing clouds. [demonic ancestry]
  1092 | D:2      | Reached XP level 3. HP: 20/24 MP: 2/6
  1113 | D:2      | Reached skill level 4 in Poison Magic
  1453 | D:2      | Reached XP level 4. HP: 25/30 MP: 1/7
  1606 | D:2      | Learned a level 3 spell: Mephitic Cloud
  2796 | D:3      | Noticed a necrophage
  2887 | D:4      | Gained mutation: You have sharp toenails. [demonic ancestry]
  2887 | D:4      | Reached XP level 5. HP: 13/35 MP: 9/9
  3194 | D:4      | Noticed Daviar's ghost (amateur FoFi)
  3394 | D:3      | Reached skill level 5 in Poison Magic
  3531 | D:3      | Found a shadowy altar of Dithmenos.
  4148 | D:4      | Noticed a water moccasin
  4182 | D:5      | Entered Level 5 of the Dungeon
  4516 | D:5      | Gained mutation: You have razor-sharp toenails. [demonic ancestry]
  4516 | D:5      | Reached XP level 6. HP: 18/41 MP: 6/10
  4576 | D:6      | Noticed Eustachio
  4597 | D:6      | Noticed an orc warrior
  4939 | D:6      | Noticed an orc warrior
  4987 | D:6      | Reached skill level 6 in Poison Magic
  5041 | D:6      | Mangled by an orc warrior

Vault maps used:
D:1:      lightli_molten_gateway
D:3:      first_bread, minmay_liquid_box,
          nicolae_dithmenos_through_a_glass_darkly
D:4:      gammafunk_temple_overflow_elements, vehumet_statue,
          kennysheep_little_box, serial_curves, eino_curves_04, eino_curves_04,
          serial_shops, shop
D:5:      nicolae_overflow_hidden_temple, nicolae_gozag_seed_capital,
          serial_corexii_hall, corexii_hall_statues_i, corexii_hall_statues_i
D:6:      old_standard_altar, lemuel_round_altar,
          minmay_misc_feat_secret_circle, uniq_menkaure, uniq_eustachio,
          uniq_pikel

Skill      XL: |  1  2  3  4  5  6 |
---------------+-------------------+-----
Poison Magic   | 4 5 6 |  6.0
Conjurations   | 2 3 |  3.0
Spellcasting   | 3 |  3.7
Fighting       | |  0.2
Axes           | |  0.1
Staves         | |  0.2
Dodging        | |  1.7
Stealth        | |  1.7

Action                   |  1- 3 |  4- 6 || total
-------------------------+-------+-------++-------
Melee: Unarmed           |    14 |       ||    14
       Club              |     5 |       ||     5
       Hand axe          |    49 |    15 ||    64
       Staff             |       |    27 ||    27
       Kick              |       |     9 ||     9
       Dagger            |       |    19 ||    19
 Cast: Sting             |    49 |   161 ||   210
       Mephitic Cloud    |       |     5 ||     5
  Use: Scroll            |       |     9 ||     9
       Potion            |       |     1 ||     1
 Stab: Confused          |       |     1 ||     1
  Eat: Chunk             |     1 |     7 ||     8
       Bread ration      |     1 |       ||     1
       Fruit             |       |     2 ||     2
Armor: Robe              |    42 |    26 ||    68
Dodge: Dodged            |    76 |    76 ||   152

Table legend:
 A = Spawn XP
 B = Non-spawn XP
 C = Spawn XP percentage of total XP
 D = Spawn monster count
 E = Non-spawn monster count
 F = Spawn count percentage of total count
 G = Total turns spent on level
                    A         B        C        D         E        F      G
               +---------+---------+-------+---------+---------+-------+---------
         Total |       0 |     645 |   0.0 |       0 |      86 |   0.0 |  5041
               +---------+---------+-------+---------+---------+-------+---------
           D:1 |       0 |      36 |   0.0 |       0 |      20 |   0.0 |  1078
           D:2 |       0 |      99 |   0.0 |       0 |      25 |   0.0 |  1297
           D:3 |       0 |      68 |   0.0 |       0 |      22 |   0.0 |  1228
           D:4 |       0 |      97 |   0.0 |       0 |       5 |   0.0 |   579
           D:5 |       0 |     123 |   0.0 |       0 |       7 |   0.0 |   370
           D:6 |       0 |     222 |   0.0 |       0 |       7 |   0.0 |   489
               +---------+---------+-------+---------+---------+-------+---------
